 Dungeon Crawl Stone Soup version 0.26-a0-1139-g7d2dc893a1 (webtiles) character file.

Game seed: 3143494920104440753

7398 midijamz the Cleaver (level 10, 0/93 HPs)
             Began as a Minotaur Berserker on Dec 21, 2020.
             Was a High Priest of Trog.
             Succumbed to an orc's poison
             ... on level 10 of the Dungeon.
             The game lasted 00:16:06 (10807 turns).

midijamz the Cleaver (Minotaur Berserker)          Turns: 10807, Time: 00:16:07

Health: 0/93       AC: 15    Str: 25    XL:     10   Next: 92%
Magic:  9/9        EV: 10    Int:  4    God:    Trog [*****.]
Gold:   429        SH:  0    Dex: 10    Spells: 9/9 levels left

rFire    . . .     SeeInvis .   a - +1 hand axe
rCold    . . .     Faith    .   (no shield)
rNeg     . . .     Spirit   .   E - +1 plate armour
rPois    .         Reflect  .   (helmet restricted)
rElec    .         Harm     .   (no cloak)
rCorr    .         Rampage  .   (no gloves)
Will     .....                  (no boots)
Stlth    ..........             (no amulet)
HPRegen  0.25/turn              c - +4 ring of slaying
MPRegen  0.11/turn              (no ring)

@: mighty, lethally poisoned (0 -> -14), berserk cooldown, slowed, very slow
A: retaliatory headbutt, horns 2
a: Renounce Religion, Berserk, Trog's Hand, Brothers in Arms


You were on level 10 of the Dungeon.
You worshipped Trog.
Trog was extremely pleased with you.
You visited 1 branch of the dungeon, and saw 10 of its levels.

You collected 429 gold pieces.

Inventory:

Hand Weapons
 a - a +1 hand axe (weapon)
 l - a +0 flail
Armour
 r - a +1 ring mail of fire resistance
 E - a +1 plate armour (worn)
Jewellery
 c - a +4 ring of slaying (left hand)
 f - a cursed ring of attention {unknown}
 g - a +4 ring of protection {unknown}
 v - an uncursed amulet of faith {unknown}
Wands
 z - a wand of flame (27)
 A - a wand of acid (12)
 D - a wand of paralysis (12)
Scrolls
 b - 2 scrolls of identify
 d - 2 scrolls of random uselessness
 e - 2 scrolls of magic mapping
 h - a scroll of fear {unknown}
 k - 3 scrolls of remove curse
 m - 3 scrolls of amnesia
 u - 4 scrolls of teleportation {unknown}
 w - a scroll of fog {unknown}
 y - 2 scrolls of blinking {unknown}
 B - 2 scrolls of enchant weapon
Potions
 i - 3 potions of ambrosia
 j - 2 potions of might
 n - 4 potions of curing
 o - 2 potions of attraction {unknown}
 p - a potion of invisibility {unknown}
 s - 2 potions of degeneration {unknown}
 t - a potion of flight {unknown}
 C - a potion of lignification {unknown}


   Skills:
 + Level 10.3 Fighting
 + Level 13.0 Axes
 + Level 9.9 Armour
 + Level 6.2 Dodging
 + Level 2.0 Stealth
 + Level 0.2 Unarmed Combat


You had 9 spell levels left.
You didn't know any spells.
Your spell library was empty.

Dungeon Overview and Level Annotations

Branches:
Dungeon (10/15)            Temple (0/1) D:5            Lair (0/6) D:9
    Orc (0/2) D:10

Altars:
Makhleb
Okawaru
Ru
Sif Muna
Uskayaw
Vehumet
Yredelemnul
Beogh


Innate Abilities, Weirdness & Mutations

You reflexively headbutt those who attack you in melee.
You have a pair of horns on your head.


Message History

Trog appreciates your killing of a magic user.
You slash something! Trog accepts your kill.
Trog appreciates your killing of a magic user.
Reactivating autopickup.
You feel a bit more experienced.
You hit the orc.
You kill the orc!
Trog accepts your kill.
* * * LOW HITPOINT WARNING * * *
You feel sick.
The orc wizard gestures at you while chanting.
The magic dart hits you but does no damage.
* * * LOW HITPOINT WARNING * * *
You feel sick.
Items here: )) [[ ††.
You slash the orc wizard! You headbutt the orc wizard.
You kill the orc wizard!
Trog accepts your kill.
Trog appreciates your killing of a magic user.
You die...

#.......#####on#
#####o###...#
#...o......#
#..........#
#....)##...#
#....o†#######
#....)o#.....# #
######)8.....#
..######@)'.....#
.......)..8..⌠..#
..........#.....#
..........#.....#
..........#8._.>#
..........#.....#
#########.#.....#
#....8))⌠..#
#...)'))...# .#


You could see an orc.

Vanquished Creatures
  Pikel (D:9)
  Joseph (D:8)
  Maurice (D:8)
  A hornet (D:10)
  Prince Ribbit (D:8)
  6 yaks (D:9)
  Grum (D:9)
  Menkaure (D:7)
  A water moccasin (D:5)
  5 ice beasts
  2 phantoms
  2 black bears
  4 orc warriors
  3 sky beasts
  A necrophage (D:10)
  2 wolves (D:9)
  A centaur (D:6)
  A lemure (D:9)
  2 ogres (D:6)
  A big kobold (D:9)
  4 bullfrogs
  A gnoll sergeant (D:9)
  A scorpion (D:4)
  8 wights (D:8)
  3 killer bees (D:9)
  4 howler monkeys
  A bullfrog zombie (D:6)
  A quasit (D:5)
  3 jellies
  6 hounds
  2 centaur skeletons
  11 orc priests
  2 bullfrog skeletons
  3 iguanas
  9 orc wizards
  8 worker ants
  A killer bee zombie (D:10)
  2 hound skeletons (D:4)
  10 gnolls
  9 adders
  A white imp (D:8)
  2 ufetubi
  2 oozes (D:2)
  An adder zombie (D:6)
  An adder skeleton (D:6)
  2 dart slugs (D:1)
  6 leopard geckos
  47 orcs
  2 ball pythons
  10 giant cockroaches
  11 hobgoblins
  7 jackals
  12 kobolds
  2 quokkas
  11 bats
  3 frilled lizards
  9 goblins
  A leopard gecko skeleton (D:9)
  6 rats
263 creatures vanquished.

Vanquished Creatures (others)
  A bush (D:3)
1 creature vanquished.

Grand Total: 264 creatures vanquished

Notes
Turn   | Place    | Note
-------+----------+-------------------------------------------
     0 | D:1      | midijamz the Minotaur Berserker began the quest for the
                  | Orb.
     0 | D:1      | Reached XP level 1. HP: 19/19 MP: 0/0
   352 | D:1      | Reached skill level 4 in Axes
   352 | D:1      | Reached XP level 2. HP: 27/27 MP: 1/1
   426 | D:1      | Reached XP level 3. HP: 22/33 MP: 2/2
   649 | D:1      | Reached ** piety under Trog
   932 | D:1      | You fall into a shaft and drop 1 floor!
  1070 | D:2      | Found a basalt altar of Yredelemnul.
  1087 | D:2      | Reached XP level 4. HP: 41/41 MP: 3/3
  1110 | D:2      | Noticed a +0 hand axe
  1111 | D:2      | Noticed a +0 hand axe
  1112 | D:2      | Found a hide-covered altar of Uskayaw.
  1480 | D:2      | Reached skill level 5 in Axes
  2064 | D:3      | Found a burning altar of Makhleb.
  2223 | D:3      | Reached *** piety under Trog
  2225 | D:3      | Reached XP level 5. HP: 47/47 MP: 4/4
  2853 | D:4      | Reached skill level 6 in Axes
  2998 | D:4      | Reached skill level 5 in Fighting
  2998 | D:4      | Reached XP level 6. HP: 52/56 MP: 5/5
  3256 | D:4      | Noticed a sky beast
  3268 | D:4      | Killed a sky beast
  3269 | D:4      | Reached skill level 1 in Stealth
  3615 | D:5      | Entered Level 5 of the Dungeon
  3620 | D:5      | Found an iron altar of Okawaru.
  3621 | D:5      | Noticed a water moccasin
  3626 | D:5      | Killed a water moccasin
  3627 | D:5      | Reached skill level 7 in Axes
  3627 | D:5      | Reached skill level 5 in Armour
  3627 | D:5      | Reached XP level 7. HP: 55/61 MP: 6/6
  3791 | D:5      | Found a staircase to the Ecumenical Temple.
  4007 | D:5      | Found a sacrificial altar of Ru.
  4484 | D:6      | Found a radiant altar of Vehumet.
  4688 | D:6      | Reached skill level 8 in Axes
  4688 | D:6      | Reached XP level 8. HP: 17/69 MP: 7/7
  5071 | D:6      | Reached **** piety under Trog
  5298 | D:6      | Found a shimmering blue altar of Sif Muna.
  5763 | D:7      | Reached skill level 9 in Axes
  6235 | D:7      | Noticed Menkaure
  6241 | D:7      | Killed Menkaure
  6421 | D:8      | Reached skill level 10 in Axes
  6421 | D:8      | Reached XP level 9. HP: 56/79 MP: 8/8
  6584 | D:8      | Reached skill level 5 in Dodging
  6795 | D:8      | Noticed Prince Ribbit
  6805 | D:8      | Killed Prince Ribbit
  7461 | D:8      | Noticed Maurice
  7777 | D:8      | Killed Maurice
  7778 | D:8      | Reached skill level 11 in Axes
  7999 | D:8      | Noticed Joseph
  8016 | D:8      | Killed Joseph
  8632 | D:9      | Reached XP level 10. HP: 59/90 MP: 9/9
  8651 | D:9      | Noticed Pikel
  8683 | D:9      | Killed Pikel
  8683 | D:9      | Reached ***** piety under Trog
  8949 | D:9      | Noticed Grum
  8975 | D:9      | HP: 6/136 [Grum/+0 glaive (17)]
  8978 | D:9      | HP: 1/136 [Grum/+0 glaive (5)]
  8982 | D:9      | Killed Grum
  9453 | D:9      | Found a staircase to the Lair.
  9478 | D:9      | Reached skill level 12 in Axes
 10431 | D:10     | Entered Level 10 of the Dungeon
 10553 | D:10     | Reached skill level 10 in Fighting
 10624 | D:10     | Found a roughly hewn altar of Beogh.
 10624 | D:10     | Found a staircase to the Orcish Mines.
 10791 | D:10     | Reached skill level 13 in Axes
 10805 | D:10     | HP: 3/93 [poisoned by an orc]
 10806 | D:10     | HP: 1/93 [poisoned by an orc]
 10807 | D:10     | Succumbed to an orc's poison

Illustrated notes

Levels and vault maps discovered:
D:1:      lemuel_arrival_funnel, layout_basic, minmay_misc_feat_chi,
          grunt_decor_resistance, serial_park_tiny_1
D:2:      minmay_wonky_spiral, layout_loops_ring, dancing_weapons_uskayaw,
          old_standard_altar
D:3:      minmay_chambers_of_threes, layout_loops_ring, lemuel_crystal_altar,
          serial_forest, infiniplex_forest_lined_2, infiniplex_forest_zigzag_1,
          infiniplex_forest_corner_1, infiniplex_forest_clump_tiny,
          infiniplex_forest_end_double, infiniplex_forest_end_1,
          infiniplex_forest_straight_4
D:4:      layout_loops_ring, minmay_cupped
D:5:      layout_basic, lemuel_crystal_altar, nicolae_ru_sacrificial_ziggurat,
          minmay_temple_entry_stoned_glass
D:6:      layout_basic, kennysheep_mini_moat, hangedman_decor_riveting,
          vehumet_altar_wand_db
D:7:      layout_loops_ring, uniq_menkaure
D:8:      layout_layer_cave, kennysheep_decorative_pillar, uniq_joseph,
          uniq_maurice, uniq_prince_ribbit1
D:9:      layout_loops_ring, lair_entry_dummy, uniq_pikel, uniq_grum
D:10:     layout_stronghold, david_orc_5, uniq_urug

Skill      XL: |  1  2  3  4  5  6  7  8  9 10 |
---------------+-------------------------------+-----
Fighting       | 4 5 6 7 8 10 | 10.3
Axes           | 4 5 6 7 8 10 11 13 | 13.0
Armour         | 3 4 5 6 8 9 |  9.9
Dodging        | 3 4 6 |  6.2
Stealth        | 1 2 |  2.0
Unarmed Combat | |  0.2

Action                   |  1- 3 |  4- 6 |  7- 9 | 10-12 || total
-------------------------+-------+-------+-------+-------++-------
Melee: Hand axe          |    68 |   147 |   328 |   206 ||   749
       Headbutt          |    13 |    24 |    74 |    45 ||   156
       Unarmed           |       |       |     5 |       ||     5
Invok: Berserk           |       |     1 |     4 |     6 ||    11
  Use: Scroll            |       |     5 |     6 |       ||    11
       Potion            |       |       |     1 |     2 ||     3
Armor: Animal skin       |     6 |       |       |       ||     6
       Ring mail         |    23 |    30 |    68 |       ||   121
       Scale mail        |       |    10 |       |       ||    10
       Plate armour      |       |       |    47 |   100 ||   147
Dodge: Dodged            |    30 |    77 |   181 |    83 ||   371

Table legend: (Time is in decaauts)
 A = Elapsed time spent in this place.
 B = Non-inter-level travel time spent in this place.
 C = Inter-level travel time spent in this place.
 D = Time resting spent in this place.
 E = Time spent auto-exploring this place.
 F = Levels seen in this place.
 G = Mean time per level.
                   A        B        C        D        E       F      G
               +--------+--------+--------+--------+--------+-----+--------+
         Total |  10779 |  10624 |    155 |    998 |   8055 |  10 | 1077.9 |
       Dungeon |  10779 |  10624 |    155 |    998 |   8055 |  10 | 1077.9 |
               +--------+--------+--------+--------+--------+-----+--------+

Top non-repeatable levels by time:
     D:8: 2198 daAuts
     D:9: 1829 daAuts
     D:6: 1406 daAuts
     D:1: 936 daAuts
     D:4: 936 daAuts
     D:3: 935 daAuts
     D:2: 825 daAuts
     D:5: 695 daAuts
     D:7: 655 daAuts
    D:10: 359 daAuts
